 Dungeon Crawl Stone Soup version 0.20-a0-210-gd6c29eb (webtiles) character file.

2 deepsabbath the Firebug (level 1, -1/10 HPs)
             Began as a Deep Elf Fire Elementalist on Nov 26, 2016.
             Slain by a kobold (4 damage)
             ... on level 1 of the Dungeon.
             The game lasted 00:01:22 (825 turns).

deepsabbath the Firebug (Deep Elf Fire Elementalist) Turns: 825, Time: 00:01:23

Health: -1/10      AC:  2    Str:  5    XL:     1   Next: 33%
Magic:  6/6        EV: 13    Int: 19    God:
Gold:   42         SH:  0    Dex: 15    Spells: 5/6 levels left

rFire  . . .     SeeInvis .     (no weapon)
rCold  . . .     Gourm    .     a - +0 robe
rNeg   . . .     Faith    .     (no shield)
rPois  .         Spirit   .     (no helmet)
rElec  .         Reflect  .     (no cloak)
rCorr  .         Harm     .     (no gloves)
MR     .....                    (no boots)
Stlth  ++........               e - amulet of inaccuracy (curse)
                                (no ring)
                                (no ring)

@: no status effects
A: no striking features
a: no special abilities


You were on level 1 of the Dungeon.
You were not hungry.

You visited 1 branch of the dungeon, and saw 2 of its levels.

You collected 42 gold pieces.

Inventory:

Armour
 a - a +0 robe (worn)
Jewellery
 e - a cursed amulet of inaccuracy (around neck)
   (You found it on level 1 of the Dungeon)
Books
 b - a book of Flames
Comestibles
 c - a bread ration {@e1}


   Skills:
 + Level 2.8 Dodging
 - Level 2.4 Stealth
 - Level 3.0 Spellcasting
 - Level 1.1 Conjurations
 - Level 3.2 Fire Magic


You had 5 spell levels left.
You knew the following spells:

 Your Spells              Type           Power        Failure   Level  Hunger
a - Flame Tongue          Conj/Fire      ##...        10%         1    None


Dungeon Overview and Level Annotations

Branches:
Dungeon (2/15)

Altars:


Message History

You closely miss the giant cockroach. The giant cockroach barely misses you.
You closely miss the giant cockroach. The giant cockroach barely misses you.
You hit the giant cockroach but do no damage.
The giant cockroach closely misses you.
You hit the giant cockroach but do no damage.
The giant cockroach barely misses you.
You barely miss the giant cockroach. The giant cockroach barely misses you.
The giant cockroach bites you.
You take 1 damage, and have 4/10 hp.
You barely miss the giant cockroach. The giant cockroach misses you.
You barely miss the giant cockroach. The giant cockroach bites you.
* * * LOW HITPOINT WARNING * * *
You take 1 damage, and have 3/10 hp.
You hit the giant cockroach but do no damage.
The giant cockroach closely misses you.
You barely miss the giant cockroach. The giant cockroach misses you.
You closely miss the giant cockroach. The giant cockroach misses you.
The giant cockroach closely misses you.
You hit the giant cockroach but do no damage.
The giant cockroach closely misses you.
You closely miss the giant cockroach.
The giant cockroach completely misses you.
You closely miss the giant cockroach.
The giant cockroach bites you but does no damage.
You hit the giant cockroach but do no damage.
The giant cockroach bites you.
* * * LOW HITPOINT WARNING * * *
You hit the giant cockroach.
You kill the giant cockroach!
You take 1 damage, and have 2/10 hp.
You start resting.
Health restored: 10 You now have 29 gold pieces (gained 13).
You now have 42 gold pieces (gained 13).
e - a triangular jade amulet A kobold comes into view.
Put on which piece of jewellery? (? for menu, Esc to quit)
Oops, that amulet feels deathly cold.
e - a cursed amulet of inaccuracy (around neck)
The kobold is too close now for your liking.
A goblin comes into view. It is wielding a club.
The kobold shouts!
The goblin hits you with a club.
You take 1 damage, and have 9/10 hp.
You miss the goblin. The kobold closely misses you.
The goblin barely misses you.
You closely miss the goblin. The kobold barely misses you.
The goblin misses you. The kobold hits you.
You take 2 damage, and have 7/10 hp.
The goblin closely misses you.
You open the door. The kobold misses you.
There is an open door here.
As you read the scroll labeled VUVILA IFAMIS, it crumbles to dust.
It is a scroll of identify.
You don't have any unidentified items.
The kobold hits you.
You take 1 damage, and have 7/10 hp.
You see here 11 gold pieces.
You open the door. The kobold hits you.
There is an open door here.
You take 2 damage, and have 6/10 hp.
There is an open door here.
The kobold closely misses you.
There is a stone staircase leading down here.
You climb downwards.
There is a stone staircase leading up here.
You start resting.
Health restored: 10
Okay, then.
A worm comes into view.
You start waiting.
Done waiting.
There is a stone staircase leading up here.
You climb upwards.
The kobold closely misses you. The kobold misses you.
There is a stone staircase leading down here.
The kobold barely misses you.
You closely miss the goblin. The goblin hits you with a club.
You take 2 damage, and have 8/10 hp.
You hit the goblin but do no damage. The goblin hits you with a club.
You take 3 damage, and have 5/10 hp.
MASSIVE DAMAGE!!
You miss the goblin. The goblin hits you but does no damage.
You barely miss the goblin. The goblin hits you but does no damage.
You hit the goblin but do no damage. The goblin barely misses you.
You barely miss the goblin. The goblin closely misses you.
You hit the goblin. The goblin closely misses you.
You hit the goblin. The goblin barely misses you.
You barely miss the goblin. You barely miss the goblin.
The goblin hits you but does no damage.
You hit the goblin.
You kill the goblin!
You miss the kobold. The kobold closely misses you.
You closely miss the kobold. The kobold hits you.
* * * LOW HITPOINT WARNING * * *
You take 2 damage, and have 3/10 hp.
You miss the kobold. The kobold hits you but does no damage.
You miss the kobold. The kobold hits you.
You die...

......##.#.....#.# #.#.#
.g....+..#..<..#.# #.#.#
......##.#######.# #.#.###
......#......# #.# #.#...#
......#..###.# #.# #.###.#
...........#.# #.# #.# #.#
#######.#..#.###.# #.# #.#
...............#K# #.# #.#
...###.###.#.#.#@# #.# #.#
##.#.......#.#.#.# #.# #.#
#.#.#####.#.#.#.# #.###.####
#.#.#######.#.#.# #...#....#
#.#.........#.#.# ###.####.#
#........####.#.#####.####.###
##......#.# #.#..............#
.....##.#.# #.#..####.####..##
###..##.#.# #.#..# #.# #..##


You could see a kobold.

Vanquished Creatures
  A giant cockroach (D:1)
  A goblin (D:1)
2 creatures vanquished.

Notes
Turn   | Place    | Note
-------+----------+-------------------------------------------
     0 | D:1      | deepsabbath the Deep Elf Fire Elementalist began the quest for the Orb.
     0 | D:1      | Reached XP level 1. HP: 10/10 MP: 6/6
    75 | D:1      | HP: 2/10 [giant cockroach (1)]
   825 | D:1      | Slain by a kobold

Vault maps used:
D:1:      minmay_arrival_solitary_statue
D:2:      bloody_makhleb, uniq_sigmund

Action                   || total
-------------------------++-------
Melee: Unarmed           ||    57
  Use: Scroll            ||     1
Armor: Robe              ||    12
Dodge: Dodged            ||    46

Vault maps used:
D:1:      minmay_arrival_solitary_statue
D:2:      bloody_makhleb, uniq_sigmund

Table legend:
 A = Turns spent in this place as a percentage of turns spent in the entire game.
 B = Non-inter-level travel turns spent in this place as a percentage of non-inter-level travel turns spent in the entire game.
 C = Inter-level travel turns spent in this place as a percentage of turns spent in this place.
 D = Turns resting spent in this place as a percentage of non-inter-level travel turns spent in this place.
 E = Turns spent auto-exploring this place as a percentage of non-inter-level travel turns spent in this place.
 F = Non-inter-level travel turns spent in this place divided by the number of levels of this place that you've seen.
                   A       B       C       D       E      F
               +-------+-------+-------+-------+-------+----------------------
         Total | 100.0 | 100.0 |   0.0 |   2.3 |   2.7 | 130.0
       Dungeon | 100.0 | 100.0 |   0.0 |   2.3 |   2.7 | 130.0
               +-------+-------+-------+-------+-------+----------------------

Table legend:
 A = Kills in this place as a percentage of kills in entire the game.
 B = Kills by you in this place as a percentage of kills by you in the entire game.
 C = Kills by friends in this place as a percentage of kills by friends in the entire game.
 D = Other kills in this place as a percentage of other kills in the entire game.
 E = Experience gained in this place as a percentage of experience gained in the entire game.
 F = Experience gained in this place divided by the number of levels of this place that you have seen.
                   A       B       C       D       E      F
               +-------+-------+-------+-------+-------+----------------------
         Total | 100.0 | 100.0 |  -nan |  -nan | 100.0 |   2.0
       Dungeon | 100.0 | 100.0 |  -nan |  -nan | 100.0 |   2.0
               +-------+-------+-------+-------+-------+----------------------
